Map: Terrassen von Prion

Players

Karenin - Winner!

  • Race: Zerg Zerg
  • League: Silver

K.I.-1 (Extrem)

  • Race: Protoss Protoss

VOD

Have the link to the VOD?

Description

Time

  • Played on: Feb. 16, 2016, 12:07 p.m.
  • Length: 8:31
Show
View Real Time Build Order
Export as new Build Order

Karenin Zerg - Winner!

Build Orders: Hatch First 

Get SALT Encoding   

  12  0:04  Drone  
  13  0:12  Overlord  
  13  0:17  Drone  
  14  0:30  Drone  
  14  0:31  Drone  
  16  0:37  Drone  
  17  0:57  Hatchery  
  16  1:05  Drone x2  
  18  1:16  Drone  
  19  1:20  Extractor  
  18  1:31  Spawning Pool  
  17  1:41  Drone x3  
  20  1:52  Overlord  
  20  2:04  Drone  
  21  2:10  Drone  
  21  2:13  Drone  
  23  2:18  Queen x2  
  23  2:19  Drone  
  28  2:27  Overlord  
  28  2:30  Drone  
  28  2:33  Metabolic Boost  
  28  2:35  Drone  
  30  2:41  Zergling x2  
  31  2:51  Drone  
  32  3:01  Drone x2  
  32  3:05  Drone  
  35  3:10  Drone  
  36  3:13  Drone  
  36  3:18  Drone  
  38  3:24  Drone  
  39  3:30  Extractor  
  39  3:31  Extractor  
  37  3:40  Extractor  
  36  3:43  Roach Warren  
  36  3:44  Evolution Chamber  
  36  3:46  Drone x6  
  40  3:49  Evolution Chamber  
  39  3:57  Lair  
  39  4:02  Drone x3  
  42  4:11  Drone x2  
  42  4:15  Overlord x4  
  44  4:19  Zerg Missile Weapons Level 1  
  44  4:21  Zerg Ground Armor Level 1  
  44  4:31  Overlord  
  44  4:32  Overlord x3  
  44  4:38  Zergling x2  
  44  4:39  Zergling x4  
  47  4:50  Drone x3  
  50  4:58  Drone  
  51  5:00  Roach  
  51  5:01  Roach x2  
  57  5:12  Roach  
  57  5:13  Roach x4  
  67  5:17  Extractor x2  
  67  5:18  Hatchery  
  64  5:25  Glial Reconstitution  
  64  5:28  Roach x5  
  74  5:41  Drone  
  74  5:42  Drone x2  
  77  5:47  Drone  
  77  5:48  Drone x2  
  80  6:05  Drone  
  80  6:06  Roach x4  
  88  6:24  Roach  
  88  6:25  Roach x8  
  104  6:44  Roach x4  
  112  6:48  Ravager  
  112  6:49  Overlord  
  112  6:50  Overlord  
  113  6:56  Overlord x2  
  113  7:04  Overlord  
  113  7:05  Overlord x7  
  113  7:07  Queen  
  115  7:11  Roach  
  115  7:12  Roach  
  119  7:16  Ravager  
  119  7:17  Ravager x5  
  118  7:37  Roach  
  118  7:38  Roach x9  
  118  7:39  Zergling x2  
  118  7:40  Zergling x2  
  128  7:58  Roach x4  
Show
View Real Time Build Order
Export as new Build Order

K.I.-1 (Extrem) Protoss 

Build Orders: Zealot Archon 

Get SALT Encoding   

  12  0:01  Probe (Chrono Boost)  
  13  0:11  Probe (Chrono Boost)  
  14  0:20  Pylon  
  14  0:22  Probe (Chrono Boost)  
  15  0:38  Probe (Chrono Boost)  
  16  0:47  Assimilator  
  16  0:49  Probe (Chrono Boost)  
  17  0:51  Gateway  
  17  0:59  Probe (Chrono Boost)  
  17  1:00  Pylon  
  18  1:10  Probe (Chrono Boost)  
  19  1:20  Probe (Chrono Boost)  
  20  1:31  Probe (Chrono Boost)  
  21  1:38  Zealot  
  21  1:39  Gateway  
  23  1:41  Cybernetics Core  
  23  1:42  Probe (Chrono Boost)  
  24  1:49  Pylon  
  24  1:54  Probe (Chrono Boost)  
  25  2:03  Zealot  
  25  2:04  Assimilator  
  27  2:09  Probe (Chrono Boost)  
  27  2:13  Warp Gate  
  28  2:21  Probe (Chrono Boost)  
  29  2:24  Adept  
  29  2:29  Adept  
  33  2:37  Robotics Facility  
  33  2:41  Probe (Chrono Boost)  
  34  2:51  Adept  
  34  2:55  Adept  
  38  3:01  Pylon  
  38  3:02  Probe (Chrono Boost)  
  39  3:18  Adept  
  41  3:21  Sentry  
  41  3:24  Immortal  
  47  3:34  Pylon  
  47  3:52  Stalker x2  
  51  3:56  Pylon  
  51  4:05  Immortal  
  55  4:15  Pylon  
  55  4:26  Gateway  
  55  4:35  Gateway  
  55  4:38  Adept  
  57  4:44  Adept  
  59  4:56  Adept  
  61  5:03  Adept  
  63  5:15  Stalker  
  63  5:20  Stalker  
  67  5:22  Adept  
  67  5:25  Probe (Chrono Boost)  
  69  5:30  Zealot  
  71  5:36  Pylon  
  71  5:48  Twilight Council  
  71  5:59  Pylon  
  71  6:23  Zealot  
  71  6:31  Templar Archives  
  71  6:39  Forge, Nexus  
  71  6:50  Stalker  
  73  6:59  Stalker  
  75  7:04  Pylon  
  75  7:07  High Templar x2  
  79  7:11  Stalker  
  79  7:15  Archon  
  81  7:29  Pylon  
  79  7:34  Zealot  
  59  7:37  High Templar  
  39  7:50  Zealot  
  32  8:07  High Templar  
  32  8:14  Archon  
  32  8:16  Zealot  
Tags
 
Add a new tag
Caveats
  • Supply blocks, unpowered buildings, or Contaminate may cause inaccurate times.
  • Supply counts are checked every 10 seconds.